 Dungeon Crawl Stone Soup version 0.17.0-28-g6e173f8 (webtiles) character file.

4879 niltaff the Skirmisher (level 10, 0/79 HPs)
             Began as a Human Fighter on Dec 3, 2015.
             Was a Priest of Zin.
             Slain by a killer bee (4 damage)
             ... on level 9 of the Dungeon.
             The game lasted 01:02:32 (9701 turns).

niltaff the Skirmisher (Human Fighter)              Turns: 9701, Time: 01:02:32

Health: 0/79       AC: 16    Str: 20    XL:     10   Next: 79%
Magic:  10/10      EV: 13    Int:  8    God:    Zin [***...]
Gold:   395        SH:  0    Dex: 13    Spells: 0 memorised, 9 levels left

rFire  . . .     SeeInvis .     F - +3 great sword
rCold  . . .     Clarity  .     k - +3 scale mail
rNeg   + . .     SustAt   .     (shield currently unavailable)
rPois  .         Gourm    .     (no helmet)
rElec  .         Spirit   .     m - +2 cloak {MR+}
rCorr  .         Warding  +     (no gloves)
rMut   .         Stasis   .     g - +1 pair of boots
MR     +....                    G - amulet of warding
Stlth  ..........               (no ring)
                                (no ring)

@: lethally poisoned (0 -> -13), somewhat resistant to hostile enchantments,
extremely unstealthy
A: no striking features
a: Recite, Vitalisation, Imprison, Donate Gold, Renounce Religion


You were on level 9 of the Dungeon.
You worshipped Zin.
Zin was most pleased with you.
You were not hungry.

You visited 2 branches of the dungeon, and saw 10 of its levels.
You also visited: Ossuary.

You collected 438 gold pieces.
You donated 43 gold pieces to Zin.

Inventory:

Hand Weapons
 a - a +3 long sword
 l - a +3 quarterstaff of chaos {Defiler}
 F - a +3 great sword (weapon)
Missiles
 Q - 22 arrows of flame
 S - 97 arrows
Armour
 b - a +0 scale mail
 c - a +0 shield
 g - a +1 pair of boots (worn)
 j - a cursed +0 ring mail
 k - a +3 scale mail (worn)
 m - a +2 cloak of magic resistance (worn)
 r - a +1 leather armour of magic resistance
 H - a +2 cloak of magic resistance
Magical Staves
 p - an uncursed staff of cold {unknown}
Jewellery
 G - an amulet of warding (around neck)
 W - an uncursed amulet of guardian spirit {unknown}
Wands
 y - a wand of fireball (2)
 B - a wand of fire (5)
 O - a wand of cold (6)
 V - a wand of fireball (6)
Scrolls
 e - a scroll of identify
 f - 8 scrolls of remove curse
 n - 3 scrolls of recharging
 o - 2 scrolls of teleportation
 q - 4 scrolls of immolation
 w - a scroll of fog {unknown}
 z - 2 scrolls of magic mapping
 I - 9 scrolls of random uselessness
 K - 3 scrolls of noise {unknown}
 P - a scroll of enchant weapon
 T - a scroll of fear {unknown}
 U - a scroll of amnesia {unknown}
Potions
 d - 4 potions of might
 i - 3 potions of ambrosia {unknown}
 s - a potion of magic {unknown}
 u - a potion of brilliance {unknown}
 v - 7 potions of curing {unknown}
 x - 4 potions of lignification
 C - 2 potions of agility {unknown}
 D - 2 potions of heal wounds {unknown}
 E - 3 potions of poison {unknown}
 J - a potion of flight {unknown}
 L - a potion of mutation {unknown}
 M - a potion of haste {unknown}
 N - a potion of invisibility {unknown}
 X - a potion of berserk rage {unknown}
Comestibles
 h - a royal jelly
 Y - a meat ration
 Z - a bread ration


   Skills:
 + Level 7.5 Fighting
 + Level 7.2 Long Blades
 + Level 7.1 Armour
 + Level 7.5 Dodging
 + Level 1.5 Stealth
 + Level 6.4 Shields
 + Level 0.4 Invocations


You had 9 spell levels left.
You didn't know any spells.

Dungeon Overview and Level Annotations

Branches:
Dungeon (9/15)             Temple (1/1) D:5
   Lair: D:8-11         Orc: D:9-12

Altars:
Ashenzari
Cheibriados
Dithmenos
Elyvilon
Fedhas
Gozag
Kikubaaqudgha
Makhleb
Nemelex Xobeh
Okawaru
Qazlal
Ru
Sif Muna
Trog
Vehumet
Xom
Yredelemnul
Zin
The Shining One

Shops:
D:4 (   D:5 *


Message History

* * * LOW HITPOINT WARNING * * *
You feel sick. The killer bee barely misses you.
The killer bee completely misses you.
* * * LOW HITPOINT WARNING * * *
You feel sick. The killer bee barely misses you. The killer bee stings you.
* * * LOW HITPOINT WARNING * * *
* * * LOW HITPOINT WARNING * * *
You feel sick.
The killer bee stings you but does no damage.
The killer bee closely misses you.
* * * LOW HITPOINT WARNING * * *
You feel sick. The killer bee closely misses you.
There is an escape hatch in the ceiling here.
* * * LOW HITPOINT WARNING * * *
You feel sick. The killer bee stings you.
* * * LOW HITPOINT WARNING * * *
The killer bee stings you but does no damage. x2
* * * LOW HITPOINT WARNING * * *
You feel sick. The killer bee stings you.
You die...

.......................###.
........#.............#
....###...............
..... #...............
......#...............
.......##..............
....... #.<......#....
.......##yy......#...
#........@########
...<......# .........##
..........# ..........#
.........## ....###'#...+
.... #<#.### ### ###.#


You could see 2 killer bees.

Vanquished Creatures
  Pikel (D:9)
  A troll (D:9)
  4 yaks (D:9)
  A steam dragon (D:6)
  Edmund (D:6)
  2 ice beasts
  A black bear (D:7)
  4 ogres
  2 sky beasts
  A slave (D:9)
  A phantom (D:5)
  A crocodile (D:7)
  2 centaurs
  5 giant frogs
  An elf zombie (D:4)
  3 wights (D:5)
  16 killer bees
  2 jellies
  3 centaur zombies
  4 hounds
  Crazy Yiuf (D:6)
  A crimson imp (D:7)
  2 iguanas
  5 orc wizards
  An orc priest (D:7)
  Terence (D:3)
  2 human skeletons (D:4)
  4 worker ants
  2 hound skeletons (D:4)
  4 mummies (Ossuary)
  A worker ant zombie (D:5)
  14 adders
  4 gnolls
  An ooze (D:2)
  3 adder skeletons
  A worm (D:2)
  4 giant geckos
  10 orcs
  A ball python (D:3)
  A bat (D:2)
  5 goblins
  7 hobgoblins
  9 jackals
  6 kobolds
  2 quokkas
  2 giant cockroaches
  3 giant newts
  4 gnoll zombies (Ossuary)
  A goblin zombie (Ossuary)
  A hobgoblin zombie (Ossuary)
  A kobold zombie (Ossuary)
  2 orc skeletons (D:4)
  An orc zombie (D:4)
  2 quokka zombies
  27 rats
192 creatures vanquished.

Vanquished Creatures (others)
  A deep elf mage (D:9)
  A slave (D:9)
  A centaur (D:9)
  A centaur skeleton (D:9)
4 creatures vanquished.

Grand Total: 196 creatures vanquished

Notes
Turn   | Place    | Note
--------------------------------------------------------------
     0 | D:1      | niltaff the Human Fighter began the quest for the Orb.
     0 | D:1      | Reached XP level 1. HP: 18/18 MP: 1/1
   172 | D:2      | Reached XP level 2. HP: 10/24 MP: 2/2
   563 | D:2      | Reached XP level 3. HP: 27/29 MP: 3/3
   670 | D:2      | Reached skill level 1 in Dodging
   787 | D:2      | Reached XP level 4. HP: 25/35 MP: 4/4
  1130 | D:1      | Found a shattered altar of Ashenzari.
  1145 | D:1      | Reached XP level 5. HP: 32/42 MP: 5/5
  1694 | D:4      | Found an ancient bone altar of Kikubaaqudgha.
  1695 | D:4      | Found a glowing silver altar of Zin.
  1706 | D:4      | Found a sparkling altar of Nemelex Xobeh.
  1780 | D:4      | Found a sand-covered staircase.
  1804 | D:4      | Reached skill level 4 in Fighting
  1804 | D:4      | Reached XP level 6. HP: 44/48 MP: 6/6
  1808 | Ossuary  | Entered an ossuary
  2270 | D:4      | Reached XP level 7. HP: 20/54 MP: 7/7
  2617 | D:4      | Found Iphutt's Antique Weapon Emporium.
  3026 | D:4      | Became a worshipper of Zin the Law-Giver
  3026 | D:4      | Reached * piety under Zin
  3046 | D:3      | Found an opulent altar of Gozag.
  3235 | D:3      | Noticed Terence
  3247 | D:3      | Killed Terence
  3725 | D:5      | Entered Level 5 of the Dungeon
  3834 | D:5      | Found a shadowy altar of Dithmenos.
  3858 | D:5      | Found a staircase to the Ecumenical Temple.
  4046 | D:5      | Reached ** piety under Zin
  4048 | D:5      | Reached XP level 8. HP: 49/61 MP: 8/8
  4212 | D:5      | Reached skill level 5 in Shields
  4381 | D:5      | Reached skill level 5 in Fighting
  4381 | D:5      | Reached skill level 5 in Armour
  4450 | D:5      | Found Coumn's Commerce Corner.
  4543 | Temple   | Entered the Ecumenical Temple
  4772 | D:6      | Noticed Edmund
  4815 | D:6      | Killed Edmund
  4932 | D:6      | Found a blossoming altar of Fedhas.
  4964 | D:6      | Noticed Crazy Yiuf
  4984 | D:6      | Killed Crazy Yiuf
  4984 | D:6      | Reached XP level 9. HP: 30/68 MP: 9/9
  5326 | D:6      | Reached skill level 5 in Dodging
  5446 | D:6      | Reached *** piety under Zin
  5563 | D:6      | Reached skill level 1 in Stealth
  6091 | D:6      | Reached skill level 5 in Long Blades
  6444 | D:7      | Reached skill level 6 in Shields
  6932 | D:7      | Found a snail-covered altar of Cheibriados.
  7589 | D:7      | Reached XP level 10. HP: 77/77 MP: 10/10
  7648 | D:7      | Found a glowing golden altar of the Shining One.
  7811 | D:7      | Found a sacrificial altar of Ru.
  8364 | D:8      | Found a stormy altar of Qazlal.
  8818 | D:9      | Noticed Pikel
  8839 | D:9      | Killed Pikel
  8839 | D:9      | Reached skill level 7 in Fighting
  9701 | D:9      | Slain by a killer bee

Action                   |  1- 3 |  4- 6 |  7- 9 | 10-12 || total
-------------------------+-------+-------+-------+-------++-------
Melee: Long sword        |   107 |   256 |   352 |       ||   715
       Great sword       |       |       |    88 |   161 ||   249
Invok: Vitalisation      |       |       |     1 |       ||     1
       Donate Gold       |       |       |     1 |       ||     1
  Use: Scroll            |       |     6 |     9 |     2 ||    17
  Eat: Beef jerky        |       |     1 |     3 |       ||     4
       Bread ration      |       |     1 |     2 |     1 ||     4
       Meat ration       |       |       |     1 |       ||     1
       Fruit             |       |       |       |     4 ||     4
